 Dungeon Crawl Stone Soup version 0.29.1-1-gd02db6906a (webtiles) character file.

Game seed: 11178368289684970320

518 Earthwalker the Trooper (level 7, -4/60 HPs)
             Began as a Minotaur Fighter on Oct 13, 2022.
             Slain by Edmund
             ... wielding a +5 flail of protection
              (9 damage)
             ... on level 4 of the Dungeon.
             The game lasted 00:05:55 (2841 turns).

Earthwalker the Trooper (Minotaur Fighter)          Turns: 2841, Time: 00:05:55

Health: -4/60      AC:  7    Str: 23    XL:     7   Next: 1%
Magic:  6/6        EV: 10    Int:  5    God:
Gold:   218        SH:  5    Dex: 15    Spells: 6/6 levels left

rFire   . . .      SeeInvis .   a - +0 war axe
rCold   . . .      Faith    .   c - +0 buckler
rNeg    . . .      Spirit   .   b - +0 scale mail
rPois   .          Reflect  .   (helmet restricted)
rElec   .          Harm     .   (no cloak)
rCorr   .          Rampage  .   (no gloves)
Will    +....                   (no boots)
Stlth   ..........              (no amulet)
HPRegen 0.20/turn               g - ring of willpower
MPRegen 0.10/turn               r - +6 ring of dexterity

@: no status effects
A: horns 2, retaliatory headbutt
a: no special abilities


You were on level 4 of the Dungeon.
You visited 1 branch of the dungeon, and saw 6 of its levels.

You collected 218 gold pieces.

Inventory:

Hand Weapons
 a - a +0 war axe (weapon)
Missiles
 m - 28 stones (quivered)
 s - 12 poisoned darts
Armour
 b - a +0 scale mail (worn)
 c - a +0 buckler (worn)
Jewellery
 g - a ring of willpower (left hand)
 i - a ring of flight
 r - a +6 ring of dexterity (right hand)
 u - a +6 ring of dexterity
Wands
 v - a wand of polymorph (13)
 w - a wand of mindburst (20)
Scrolls
 e - a scroll of noise {unknown}
 h - a scroll of fog {unknown}
 j - 6 scrolls of identify {unknown}
 k - 3 scrolls of magic mapping {unknown}
 l - a scroll of immolation {unknown}
 p - a scroll of acquirement {unknown}
 x - a scroll of summoning {unknown}
Potions
 d - a potion of might
 f - 2 potions of berserk rage {unknown}
 n - a potion of flight {unknown}
 o - a potion of haste {unknown}
 q - a potion of resistance {unknown}
 t - a potion of heal wounds {unknown}
 z - a potion of curing


   Skills:
 * Level 4.9 Fighting
 * Level 4.0 Axes
 * Level 2.2 Throwing
 * Level 4.8 Armour
 * Level 2.5 Dodging
 + Level 1.2 Stealth
 * Level 4.8 Shields
 + Level 1.1 Invocations
 + Level 1.7 Evocations


You had 6 spell levels left.
You didn't know any spells.
Your spell library was empty.

Dungeon Overview and Level Annotations

Branches:
Dungeon (6/15)
 Temple: D:4-7

Altars:

Annotations:
D:4 Edmund


Innate Abilities, Weirdness & Mutations

You have a pair of horns on your head.
You reflexively headbutt those who attack you in melee.


Message History

Edmund is moderately wounded.
Edmund hits you with a +5 flail of protection.
You closely miss Edmund. Your headbutt misses Edmund.
Edmund is moderately wounded.
Edmund hits you with a +5 flail of protection! x2
You hit Edmund but do no damage.
Edmund is moderately wounded.
A quokka comes into view.
You block Edmund's attack.
You hit Edmund but do no damage.
Edmund is moderately wounded.
You block Edmund's attack.
You slash Edmund! Your headbutt misses Edmund.
Edmund is heavily wounded.
You block Edmund's attack.
Edmund hits you with a +5 flail of protection!
You hit Edmund.
Edmund is heavily wounded.
Edmund hits you with a +5 flail of protection!
You are too injured to fight recklessly!
You are too injured to fight recklessly!
Unknown command.
You hit Edmund but do no damage.
Edmund is heavily wounded.
Edmund hits you with a +5 flail of protection.
The quokka completely misses you.
You closely miss Edmund.
Edmund is heavily wounded.
You closely miss the quokka. The quokka bites you.
Edmund hits you with a +5 flail of protection!
* * * LOW HITPOINT WARNING * * *
You block the quokka's attack.
Edmund hits you with a +5 flail of protection!
* * * LOW HITPOINT WARNING * * *
You slash Edmund! Your headbutt misses Edmund.
Edmund is heavily wounded.
You slash the quokka!
You kill the quokka!
Edmund hits you with a +5 flail of protection!
You die...

##. #.....# ...
#.....##### ...
#.....#...# . ...
+.....#...# .. ...
...#.....#...# ?.# ...
#..#.....#...##...# ...
##..#.....#......... ...
#...#.....'........# ##.
+...#.....#.@.##.. .#
#...#.....#..@# .#
#..[#.....#...... .#
#...'.....#........ .#
##..#.....#........#
.##+##'##.....#........#
.#..##..#.....#.........
.#......#.....#.........
.#......#.....#


You could see Edmund.

Vanquished Creatures
  A wraith (D:5)
  An ogre (D:6)
  A necrophage (D:4)
  Crazy Yiuf (D:2)
  Ijyb (D:4)
  An iguana (D:6)
  Robin (D:3)
  2 gnolls (D:1)
  3 adders
  A worm (D:2)
  3 dart slugs
  6 endoplasms
  4 giant cockroaches
  14 goblins
  9 hobgoblins
  2 jackals (D:2)
  10 quokkas
  3 ball pythons
  5 bats
  5 frilled lizards
  2 kobolds
  3 rats (D:1)
79 creatures vanquished.

Vanquished Creatures (others)
  6 plants (D:1)
6 creatures vanquished.

Grand Total: 85 creatures vanquished

Notes
Turn   | Place    | Note
-------+----------+-------------------------------------------
     0 | D:1      | Earthwalker the Minotaur Fighter began the quest for the
                  | Orb.
     0 | D:1      | Reached XP level 1. HP: 19/19 MP: 0/0
    22 | D:1      | Reached XP level 2. HP: 27/27 MP: 1/1
   260 | D:1      | Reached XP level 3. HP: 21/33 MP: 2/2
  1039 | D:2      | Reached skill level 1 in Dodging
  1256 | D:2      | Reached skill level 1 in Throwing
  1312 | D:2      | Reached XP level 4. HP: 40/40 MP: 3/3
  1638 | D:2      | Found a runed translucent door.
  1639 | D:2      | Noticed Crazy Yiuf
  1644 | D:2      | Killed Crazy Yiuf
  1766 | D:3      | Noticed Robin
  1787 | D:3      | Killed Robin
  1788 | D:3      | Reached XP level 5. HP: 33/46 MP: 4/4
  2036 | D:3      | You fall into a shaft and drop 3 floors!
  2040 | D:6      | Noticed an ogre
  2053 | D:6      | Killed an ogre
  2054 | D:6      | Reached skill level 1 in Stealth
  2054 | D:6      | Reached skill level 1 in Evocations
  2287 | D:5      | Entered Level 5 of the Dungeon
  2287 | D:5      | Noticed a wraith
  2299 | D:5      | Killed a wraith
  2300 | D:5      | Reached skill level 1 in Invocations
  2300 | D:5      | Reached XP level 6. HP: 26/53 MP: 5/5
  2749 | D:4      | Noticed Ijyb
  2753 | D:4      | Killed Ijyb
  2821 | D:4      | Reached XP level 7. HP: 60/60 MP: 6/6
  2829 | D:4      | Noticed Edmund
  2841 | D:4      | Slain by Edmund

Illustrated notes

Levels and vault maps discovered:
D:1:      spicycebolla_green_bress_n_ham, layout_rooms, nicolae_grassy_gnolls
D:2:      layout_basic, minmay_between, uniq_crazy_yiuf_cottage
D:3:      layout_basic, hangedman_decor_points, uniq_robin, uniq_sigmund
D:4:      layout_gridville, gammafunk_temple_overflow_statue,
          nzn_wu_jian_council_hall, uniq_edmund, uniq_ijyb, uniq_duvessa
D:5:      layout_rooms, chequers_garden, minmay_misc_feat_five,
          kennysheep_pointless_box, uniq_grinder
D:6:      layout_basic, mainiacjoe_overflow_catch_the_wave

Skill      XL: |  1  2  3  4  5  6 |
---------------+-------------------+-----
Armour         | 4 |  4.8
Shields        | 4 |  4.8
Dodging        | 1 2 |  2.5
Throwing       | 1 2 |  2.2
Fighting       | 4 |  4.9
Axes           | 3 4 |  4.0
Stealth        | 1 |  1.2
Evocations     | 1 |  1.7
Invocations    | 1 |  1.1

Action                   |  1- 3 |  4- 6 |  7- 9 || total
-------------------------+-------+-------+-------++-------
Melee: War axe           |    79 |    89 |    11 ||   179
       Headbutt          |     7 |    14 |     2 ||    23
Throw: Stone             |     7 |    10 |       ||    17
Armor: Scale mail        |    44 |    36 |       ||    80
Dodge: Dodged            |    41 |    49 |     4 ||    94
Block: Buckler           |    24 |    16 |     5 ||    45
